 Dungeon Crawl Stone Soup version 0.21.1-1-g345015fe64 (webtiles) character file.

555 Irinir the Skirmisher (level 7, 0/61 HPs)
             Began as a Minotaur Berserker on July 26, 2018.
             Was a Priest of Trog.
             Slain by an ogre
             ... wielding a +0 giant spiked club
              (3 damage)
             ... on level 4 of the Dungeon.
             The game lasted 00:34:08 (2257 turns).

Irinir the Skirmisher (Minotaur Berserker)          Turns: 2257, Time: 00:34:09

Health: 0/61       AC: 11    Str: 26    XL:     7   Next: 8%
Magic:  6/6        EV:  9    Int:  4    God:    Trog [***...]
Gold:   126        SH:  2    Dex:  9    Spells: 6/6 levels left

rFire    . . .     SeeInvis .   x - -1 hand axe (curse)
rCold    . . .     Gourm    .   D - +0 buckler
rNeg     . . .     Faith    .   o - +0 chain mail
rPois    +         Spirit   .   (helmet restricted)
rElec    .         Reflect  .   (no cloak)
rCorr    .         Harm     .   f - +1 pair of gloves
MR       +....                  (no boots)
Stlth    ..........             (no amulet)
HPRegen  0.00/turn              e - +2 ring of strength
MPRegen  0.10/turn              A - ring of protection from magic

@: no status effects
A: retaliatory headbutt, horns 2, camouflage 1, poison resistance, inhibited
regeneration
a: Berserk, Trog's Hand, Burn Spellbooks, Renounce Religion


You were on level 4 of the Dungeon.
You worshipped Trog.
Trog was most pleased with you.
You were hungry.

You visited 1 branch of the dungeon, and saw 4 of its levels.

You collected 126 gold pieces.

Inventory:

Hand Weapons
 a - a +0 spear
 d - a +2 dagger of draining
 g - a +0 short sword
 i - a +1 mace
 j - a +0 falchion
 l - a +0 hand axe
 q - a +0 rapier
 v - a +0 hunting sling
 x - a cursed -1 hand axe (weapon)
Missiles
 m - 20 poisoned needles
 t - 20 arrows
 u - 29 bolts
 z - 56 stones
 E - 7 tomahawks (quivered)
Armour
 b - a +0 animal skin
 f - a +1 pair of gloves (worn)
 o - a +0 chain mail (worn)
 r - a +0 leather armour
 y - a +0 robe
 B - a +0 ring mail
 D - a +0 buckler (worn)
Jewellery
 e - a +2 ring of strength (left hand)
 h - an uncursed ring of flight
 p - an uncursed ring of fire
 w - an uncursed ring of resist corrosion
 A - a ring of protection from magic (right hand)
Scrolls
 n - 3 scrolls of identify
 s - a scroll of magic mapping
Potions
 k - a potion of cancellation
Comestibles
 c - 10 rations


   Skills:
 + Level 5.6 Fighting
 + Level 2.9 Short Blades
 + Level 2.0(3.9) Axes
 + Level 1.7(2.2) Maces & Flails
 + Level 4.8(5.1) Polearms
 + Level 3.5 Armour
 + Level 4.4 Dodging
 + Level 1.1 Stealth


You had 6 spell levels left.
You didn't know any spells.

Dungeon Overview and Level Annotations

Branches:
Dungeon (4/15)
 Temple: D:4-7

Altars:
Okawaru


Innate Abilities, Weirdness & Mutations

You reflexively headbutt those who attack you in melee.
You have a pair of horns on your head.
Your skin changes colour to match your surroundings (Stealth+).
Your system is resistant to poisons. (rPois)
You do not regenerate when monsters are visible.


Message History

The phantom is moderately damaged.
You hit the ogre.
The phantom blinks!
The ogre hits you with a giant spiked club!
You hit the ogre but do no damage.
The ogre is moderately wounded.
The ogre hits you with a giant spiked club!!
* * * LOW HITPOINT WARNING * * *
You hit the ogre.
The ogre is moderately wounded.
The ogre barely misses you.
You completely miss the ogre. Your headbutt misses the ogre.
The ogre is moderately wounded.
You closely miss the phantom.
The ogre hits you with a giant spiked club.
* * * LOW HITPOINT WARNING * * *
The phantom blinks!
You hit the ogre. Your headbutt misses the ogre.
The ogre is severely wounded.
The ogre hits you with a giant spiked club.
You die...

####### #.....# #
#.....# .### #
#.....# .... .(.
+.....+ ...##'
.....#.....####.#....
.......<..)..O..?....
....####...)ยง@..#
##..............#
########+######


You could see an ogre.

Vanquished Creatures
  Grinder (D:3)
  An ice beast (D:2)
  A howler monkey (D:4)
  An orc priest (D:3)
  3 gnolls (D:3)
  8 adders
  2 worms (D:2)
  2 dart slugs
  3 leopard geckos
  8 orcs
  A ball python (D:1)
  5 bats
  3 giant cockroaches
  6 hobgoblins
  10 jackals
  9 kobolds
  7 frilled lizards
  10 goblins
  5 rats
86 creatures vanquished.

Notes
Turn   | Place    | Note
-------+----------+-------------------------------------------
     0 | D:1      | Irinir the Minotaur Berserker began the quest for the Orb.
     0 | D:1      | Reached XP level 1. HP: 19/19 MP: 0/0
   155 | D:1      | Reached XP level 2. HP: 11/27 MP: 1/1
   393 | D:1      | Found an iron altar of Okawaru.
   460 | D:1      | Reached skill level 4 in Fighting
   730 | D:2      | Reached XP level 3. HP: 30/33 MP: 2/2
   732 | D:2      | Noticed an ice beast
   808 | D:2      | Killed an ice beast
   808 | D:2      | Reached skill level 1 in Short Blades
   808 | D:2      | Reached XP level 4. HP: 18/41 MP: 3/3
   808 | D:2      | Reached XP level 5. HP: 21/47 MP: 4/4
   906 | D:2      | Reached skill level 5 in Fighting
   971 | D:2      | Reached ** piety under Trog
  1238 | D:2      | Gained mutation: You do not regenerate when monsters are visible. [potion of mutation]
  1238 | D:2      | Gained mutation: Your system is resistant to poisons. (rPois) [potion of mutation]
  1238 | D:2      | Gained mutation: Your skin changes colour to match your surroundings (Stealth+). [potion of mutation]
  1808 | D:3      | Noticed Grinder
  1826 | D:3      | Killed Grinder
  1826 | D:3      | Reached skill level 1 in Axes
  1826 | D:3      | Reached skill level 1 in Maces & Flails
  1826 | D:3      | Reached skill level 1 in Stealth
  1826 | D:3      | Reached XP level 6. HP: 23/56 MP: 5/5
  2092 | D:3      | Reached *** piety under Trog
  2092 | D:3      | Reached XP level 7. HP: 41/61 MP: 6/6
  2256 | D:4      | HP: 3/61 [ogre/giant spiked club (2)]
  2257 | D:4      | Slain by an ogre

Skill      XL: |  1  2  3  4  5  6 |
---------------+-------------------+-----
Fighting       | 4 5 |  5.6
Polearms       | 4 |  4.8
Dodging        | 3 4 |  4.4
Short Blades   | 1 2 |  2.9
Axes           | 1 2 |  2.0
Maces & Flails | 1 |  1.7
Armour         | 3 |  3.5
Stealth        | 1 |  1.1

Action                   |  1- 3 |  4- 6 |  7- 9 || total
-------------------------+-------+-------+-------++-------
Melee: Spear             |     9 |       |       ||     9
       Dagger            |    55 |     9 |       ||    64
       Headbutt          |     9 |    17 |     4 ||    30
       Hand axe          |       |    78 |    29 ||   107
       Mace              |       |    33 |       ||    33
Throw: Throwing net      |       |       |     1 ||     1
  Use: Scroll            |     5 |     5 |       ||    10
       Potion            |       |     4 |       ||     4
 Stab: Sleeping          |       |     1 |       ||     1
  Eat: Chunk             |       |     4 |       ||     4
Armor: Animal skin       |    19 |     1 |       ||    20
       Robe              |       |    14 |       ||    14
       Chain mail        |       |    40 |    10 ||    50
Dodge: Dodged            |    43 |    95 |    14 ||   152
Block: Buckler           |       |       |     1 ||     1
